AoeStats
← kimbo

Arabia

505749352Analyzed
2v2 RM · 22d ago on Sep 10, 2026· 39m 21s· 4 players
Game mode
Random Map
Map size
Medium (4 player)
Population
200
Speed
Normal
Resources
Standard
Victory
Conquest
Starting age
Dark Age
Ending age
Imperial Age
RankedLock teamsTeams togetherTeam positionsShared explorationLock speedFull tech treeHidden civsTurbo modeCheats
Victory
Defeat
🇧🇷 Britons · Brazil
1354
+16
🇺🇸 Khmer · United States
1297
+18
🇦🇷 Maya · Argentina
1348
-17
🇦🇷 Franks · Argentina
1345
-17
Forrest
5:25 Loom
9:16 Feudal Age
10:14 Double-Bit Axe
12:18 Horse Collar
15:16 Fletching
17:52 Padded Archer Armor
22:31 Castle Age
20:55 Gold Mining
21:02 Town Watch
21:58 Wheelbarrow
21:42 Town Watch
22:32 Crossbowman
23:08 Bodkin Arrow
24:11 Bow Saw
24:35 Leather Archer Armor
26:01 Ballistics
30:15 Hand Cart
31:51 Stone Mining
32:37 Gold Shaft Mining
36:31 Imperial Age
35:19 Heavy Plow
35:28 Treadmill Crane
35:59 Masonry
36:03 Town Patrol
36:58 Yeomen
36:52 Arbalester
37:49 Bracer
38:54 Ring Archer Armor
40:00 Chemistry
39:43 Conscription
39:59 Hoardings
Abhinavcj
7:52 Feudal Age
9:13 Double-Bit Axe
11:10 Loom
12:08 Horse Collar
14:29 Scale Barding Armor
15:45 Forging
17:53 Gold Mining
20:59 Castle Age
20:28 Bloodlines
21:44 Husbandry
22:05 Chain Barding Armor
22:01 Bow Saw
21:53 Heavy Plow
25:36 Wheelbarrow
26:08 Iron Casting
27:10 Hand Cart
29:28 Gold Shaft Mining
35:53 Imperial Age
33:41 Devotion
34:59 Stone Mining
37:05 Devotion
36:29 Elite Battle Elephant
38:08 Plate Barding Armor
40:03 Blast Furnace
39:38 Fletching
39:52 Tusk Swords
kimbo
0:25 Loom
9:06 Feudal Age
9:36 Double-Bit Axe
13:52 Fletching
22:06 Castle Age
19:58 Horse Collar
20:55 Gold Mining
21:31 Padded Archer Armor
22:16 Crossbowman
23:13 Bodkin Arrow
24:08 Bow Saw
28:25 Leather Archer Armor
39:56 Imperial Age
38:51 Ballistics
39:52 Wheelbarrow
Pingocho
9:09 Feudal Age
8:31 Loom
14:56 Wheelbarrow
21:18 Castle Age
20:01 Scale Barding Armor
19:49 Gold Mining
22:26 Chain Barding Armor
22:12 Double-Bit Axe
23:13 Bow Saw
23:09 Husbandry
23:22 Forging
25:11 Iron Casting
27:30 Fletching
28:35 Pikeman
30:19 Hand Cart
30:18 Scale Mail Armor
32:27 Chain Mail Armor
32:32 Squires
37:01 Imperial Age
36:23 Gold Shaft Mining
35:43 Stone Mining
37:07 Cavalier
39:37 Plate Barding Armor
Connection lost

Rejoining the realm…

Still unreachable

The connection could not be restored.

Session expired

The server has moved on; the page needs a fresh start.